 Dungeon Crawl Stone Soup version 0.28.0-45-g0d030f2227 (webtiles) character file.

Game seed: 14334175940422056939

280 hawla the Conjurer (level 6, -1/47 HPs)
             Began as a Draconian Conjurer on Apr 17, 2022.
             Slain by Ijyb
             ... wielding a +3 dagger of venom
              (4 damage)
             ... on level 3 of the Dungeon on Apr 18, 2022.
             The game lasted 00:06:55 (3124 turns).

hawla the Conjurer (Draconian Conjurer)             Turns: 3124, Time: 00:06:56

Health: -1/47      AC:  6    Str: 10    XL:     6   Next: 5%
Magic:  10/10      EV: 12    Int: 20    God:
Gold:   127        SH:  0    Dex:  9    Spells: 8/11 levels left

rFire   . . .      SeeInvis +   a - +0 short sword
rCold   . . .      Faith    .   (no shield)
rNeg    . . .      Spirit   .   (armour unavailable)
rPois   .          Reflect  .   (helmet restricted)
rElec   .          Harm     .   (no cloak)
rCorr   .          Rampage  .   (no gloves)
Will    .....                   (no boots)
Stlth   +.........              (no amulet)
HPRegen 0.15/turn               b - ring of see invisible
MPRegen 0.12/turn               (no ring)

@: confused, lethally poisoned (-1 -> -24), ambrosia-drunk, hasted, very quick
A: AC +6, unfitting armour, cold-blooded
a: no special abilities


You were on level 3 of the Dungeon.
You visited 1 branch of the dungeon, and saw 3 of its levels.

You collected 127 gold pieces.

Inventory:

Hand Weapons
 a - a +0 short sword (weapon)
Jewellery
 b - a ring of see invisible (left hand)
Scrolls
 e - 3 scrolls of identify
 g - a scroll of enchant weapon {unknown}
 h - a scroll of brand weapon {unknown}
Potions
 c - a potion of magic
 d - a potion of attraction


   Skills:
 + Level 1.6 Fighting
 + Level 3.1 Dodging
 + Level 2.8 Stealth
 + Level 3.1 Spellcasting
 + Level 5.4 Conjurations


You had 8 spell levels left.
You knew the following spells:

 Your Spells              Type           Power      Damage    Failure   Level
a - Magic Dart            Conj           96%        1d7       1%          1
b - Searing Ray           Conj           48%        2d6       2%          2

Your spell library contained the following spells:

 Spells                   Type           Power      Damage    Failure   Level
 Sandblast                Erth           6%         2d5       14%         1
 Dazzling Flash           Conj/Hex       26%        N/A       14%         3
 Stone Arrow              Conj/Erth      26%        3d8       14%         3
 Passwall                 Tmut/Erth      2%         N/A       22%         2
 Iskenderun's Battlesphe  Conj           24%        2d8       38%         5
 Fulminant Prism          Conj/Hex       6%         3d7       43%         4
 Iskenderun's Mystic Bla  Conj/Tloc      13%        2d5       43%         4
 Iron Shot                Conj/Erth      6%         9d2       100%        6
 Spellforged Servitor     Conj/Summ      6%         N/A       100%        7


Dungeon Overview and Level Annotations

Branches:
Dungeon (3/15)

Altars:
Okawaru

Shops:
D:3 *

Annotations:
D:3 Ijyb


Innate Abilities, Weirdness & Mutations

Your plain brown scales are hard. (AC +6)
You cannot fit into any form of body armour.
You are cold-blooded and may be slowed by cold attacks.


Message History

You feel invigorated.
You feel very sick. Ijyb hits you but does no damage.
You are lethally poisoned!
You're too confused to move!
You feel very sick.
Ijyb hits you with a +3 dagger of venom.
You are lethally poisoned!
It was a potion of haste.
You feel yourself speed up.
You feel very sick.
Ijyb hits you with a +3 dagger of venom.
* * * LOW HITPOINT WARNING * * *
You are more poisoned.
Your magic is already full.
You're too confused to cast spells.
* * * LOW HITPOINT WARNING * * *
You feel very sick.
* * * LOW HITPOINT WARNING * * *
You feel very sick. The goblin hits you with a +0 club.
* * * LOW HITPOINT WARNING * * *
Ijyb hits you with a +3 dagger of venom.
* * * LOW HITPOINT WARNING * * *
You are more poisoned.
You hit Ijyb but do no damage.
Ijyb is almost dead.
* * * LOW HITPOINT WARNING * * *
You feel very sick.
You miss Ijyb.
Your tail-slap misses Ijyb.
Ijyb is almost dead.
* * * LOW HITPOINT WARNING * * *
You feel very sick. The goblin barely misses you. Ijyb barely misses you.
You bump into the rock wall.
* * * LOW HITPOINT WARNING * * *
You feel very sick. The goblin hits you with a +0 club.
* * * LOW HITPOINT WARNING * * *
Ijyb hits you with a +3 dagger of venom.
You die...

#.#.#... #.#.#..
........ #.#....
#.#...# #.#...#
#.#...# #.#g..#
########.#@..#
..........g..#
.#######.....#
.#.#######.....###
.......†..........
.#.#####......####
## ###........ .#
## #....#### .#
##PP#.)..####.


You could see Ijyb and a goblin.

Vanquished Creatures
  Sigmund (D:3)
  Jessica (D:3)
  2 adders
  An adder skeleton (D:3)
  4 worms (D:2)
  4 dart slugs (D:1)
  3 orcs (D:3)
  3 ball pythons
  2 endoplasms (D:1)
  2 giant cockroaches
  5 goblins
  4 hobgoblins
  4 quokkas
  2 bats (D:2)
  3 frilled lizards
  8 kobolds
  6 rats
55 creatures vanquished.

Vanquished Creatures (others)
  A fungus (D:3)
  3 plants (D:3)
4 creatures vanquished.

Grand Total: 59 creatures vanquished

Notes
Turn   | Place    | Note
-------+----------+-------------------------------------------
     0 | D:1      | hawla the Draconian Conjurer began the quest for the Orb.
     0 | D:1      | Reached XP level 1. HP: 14/14 MP: 3/3
   330 | D:1      | Reached XP level 2. HP: 14/20 MP: 3/5
  1314 | D:2      | Reached XP level 3. HP: 26/27 MP: 1/6
  1317 | D:2      | Learned a level 2 spell: Searing Ray
  1446 | D:2      | Found an iron altar of Okawaru.
  1857 | D:2      | Reached XP level 4. HP: 34/34 MP: 0/7
  2376 | D:3      | Noticed Sigmund
  2376 | D:3      | Found Rikidoch's Assorted Antiques.
  2380 | D:3      | Killed Sigmund
  2381 | D:3      | Reached skill level 1 in Fighting
  2381 | D:3      | Reached skill level 5 in Conjurations
  2381 | D:3      | Reached XP level 5. HP: 40/40 MP: 2/9
  2450 | D:3      | Noticed Jessica
  2456 | D:3      | Killed Jessica
  2768 | D:3      | Reached XP level 6. HP: 42/47 MP: 1/10
  3104 | D:3      | Noticed Ijyb
  3124 | D:3      | Slain by Ijyb

Illustrated notes

Levels and vault maps discovered:
D:1:      dpeg_arrival_long_road, layout_rooms, serial_forest,
          infiniplex_forest_fountain, infiniplex_forest_lined_2,
          infiniplex_forest_straight_2, infiniplex_forest_side_room,
          infiniplex_forest_lined_corner, infiniplex_forest_corner_1,
          infiniplex_forest_clump_double
D:2:      layout_loops_cross, basic_altar, st_stairs_2, minmay_pentomino_pile
D:3:      layout_basic, shapermc_ecumenical_altar_hornbeckon, serial_shops,
          shop, uniq_ijyb, uniq_jessica, uniq_sigmund

Skill      XL: |  1  2  3  4 |
---------------+-------------+-----
Dodging        | 2 3 |  3.1
Stealth        | 2 |  2.8
Fighting       | 1 |  1.6
Spellcasting   | 3 |  3.1
Conjurations   | 5 |  5.4

Action                   |  1- 3 |  4- 6 || total
-------------------------+-------+-------++-------
Melee: Short sword       |    58 |    24 ||    82
       Unarmed           |     6 |       ||     6
       Tailslap          |     6 |     1 ||     7
       Punch             |     2 |       ||     2
 Cast: Magic Dart        |    32 |     7 ||    39
       Searing Ray       |    10 |    12 ||    22
  Use: Scroll            |     5 |       ||     5
       Potion            |       |     2 ||     2
 Stab: Sleeping          |       |     1 ||     1
Armor: Skin              |    26 |    10 ||    36
Dodge: Dodged            |    51 |    24 ||    75
